 Dungeon Crawl Stone Soup version 0.27-a0-1119-gbf574a6a6b (webtiles) character file.

Game seed: 8473004717565261652

14541 pkoi the Impaler (level 11, -14/91 HPs)
             Began as a Minotaur Gladiator on Apr 19, 2021.
             Was a Follower of Hepliaklqana.
             Demolished by a boulder beetle (18 damage)
             ... on level 12 of the Dungeon on May 3, 2021.
             The game lasted 00:13:32 (14824 turns).

pkoi the Impaler (Minotaur Gladiator)              Turns: 14824, Time: 00:13:33

Health: -14/91     AC: 20    Str: 23    XL:     11   Next: 90%
Magic:  10/10      EV:  8    Int:  5    God:    Hepliaklqana [*.....]
Gold:   810        SH:  0    Dex: 11    Spells: 10/10 levels left

rFire    . . .     SeeInvis .   F - +0 halberd
rCold    . . .     Faith    .   (shield currently unavailable)
rNeg     . . .     Spirit   .   p - +0 plate armour
rPois    .         Reflect  .   c - +1 hat
rElec    .         Harm     .   z - +0 cloak
rCorr    .         Rampage  .   (no gloves)
Will     .....                  t - +2 pair of boots
Stlth    ..........             (no amulet)
HPRegen  0.25/turn              (no ring)
MPRegen  0.12/turn              (no ring)

@: no status effects
A: reduced essence, horns 2, retaliatory headbutt
a: Renounce Religion, Recall Ancestor, Ancestor Identity


You were on level 12 of the Dungeon.
You worshipped Hepliaklqana.
Hepliaklqana was aware of your devotion.
You visited 2 branches of the dungeon, and saw 13 of its levels.

You collected 810 gold pieces.

Inventory:

Hand Weapons
 a - a +1 trident
 F - a +0 halberd (weapon)
Missiles
 d - 7 throwing nets (quivered)
 v - 4 boomerangs of dispersal
 L - 6 curare-tipped darts
Armour
 c - a +1 hat (worn)
 p - a +0 plate armour (worn)
 t - a +2 pair of boots (worn)
 z - a +0 cloak (worn)
Jewellery
 k - an amulet of faith
 o - a ring of see invisible
 C - a ring of poison resistance
Wands
 r - a wand of iceblast (17)
 s - a wand of flame (51)
 y - a wand of paralysis (14)
 J - a wand of digging (7)
Scrolls
 e - 3 scrolls of noise
 g - 3 scrolls of vulnerability
 l - 4 scrolls of enchant weapon
 m - 6 scrolls of identify
 q - 2 scrolls of blinking {unknown}
 x - 2 scrolls of brand weapon {unknown}
 A - 5 scrolls of teleportation {unknown}
 B - a scroll of fear {unknown}
 D - a scroll of holy word {unknown}
 G - a scroll of amnesia
 I - a scroll of magic mapping {unknown}
 K - a scroll of enchant armour
 M - a scroll of acquirement {unknown}
Potions
 b - a potion of mutation {unknown}
 f - a potion of flight {unknown}
 h - a potion of might {unknown}
 i - 5 potions of attraction {unknown}
 j - 3 potions of lignification {unknown}
 n - 5 potions of heal wounds {unknown}
 u - a potion of brilliance
 w - 5 potions of curing
 H - a potion of haste


   Skills:
 + Level 11.2 Fighting
 * Level 16.4 Polearms
 - Level 2.0 Throwing
 + Level 10.9 Armour
 - Level 3.2 Dodging


You had 10 spell levels left.
You didn't know any spells.
Your spell library contained the following spells:

 Spells                   Type           Power      Damage    Failure   Level
 Beastly Appendage        Tmut           0%         N/A       99%         1
 Freeze                   Ice            0%         1d3       99%         1
 Sting                    Tmut/Pois      0%         1d3       99%         1
 Poisonous Vapours        Pois/Air       0%         N/A       100%        2
 Wereblood                Tmut           0%         N/A       100%        2
 Frozen Ramparts          Ice            0%         1d2       100%        3
 Ignite Poison            Fire/Tmut/Pois 0%         N/A       100%        3
 Mephitic Cloud           Conj/Pois/Air  0%         N/A       100%        3
 Ozocubu's Armour         Ice            0%         N/A       100%        3
 Spider Form              Tmut/Pois      0%         N/A       100%        3
 Hailstorm                Conj/Ice       0%         3d3       100%        4
 Ice Form                 Ice/Tmut       0%         N/A       100%        4
 Olgreb's Toxic Radiance  Pois           0%         N/A       100%        4
 Hydra Form               Tmut           0%         N/A       100%        5
 Metabolic Englaciation   Hex/Ice        0%         N/A       100%        5


Dungeon Overview and Level Annotations

Branches:
Dungeon (12/15)            Temple (1/1) D:5            Lair (0/6) D:11
    Orc (0/2) D:12

Altars:
Ashenzari
Cheibriados
Dithmenos
Elyvilon
Fedhas
Gozag
Hepliaklqana
Kikubaaqudgha
Makhleb
Nemelex Xobeh
Okawaru
Qazlal
Ru
Sif Muna
Trog
Uskayaw
Vehumet
Wu Jian
Xom
Yredelemnul
Zin
The Shining One

Shops:
D:6 *   D:10 [

Annotations:
D:5 2 transporters, Drazool's ghost, novice TrMo
D:6 2 transporters, Pooter's ghost, novice MiBe
D:10 1 runed translucent door


Innate Abilities, Weirdness & Mutations

Your life essence is reduced to manifest your ancestor. (-10% HP)
You have a pair of horns on your head.
You reflexively headbutt those who attack you in melee.


Message History

The boulder beetle is moderately wounded.
The boulder beetle bites you!
You hit the boulder beetle but do no damage.
The boulder beetle is lightly wounded.
You hit the boulder beetle.
The boulder beetle is moderately wounded.
The boulder beetle bites you!
You puncture the boulder beetle!
The boulder beetle is heavily wounded.
The boulder beetle leaps!
You start resting.
A boulder beetle is nearby!
The boulder beetle curls into a ball and begins rolling!
You swap places.
The boulder beetle hits Sofia!!!
Sofia is destroyed!
The boulder beetle stops rolling and uncurls.
The boulder beetle curls into a ball and begins rolling!
You reach to attack!
You hit the boulder beetle but do no damage.
The boulder beetle is heavily wounded.
You hit the boulder beetle but do no damage.
You headbutt the boulder beetle.
The boulder beetle is heavily wounded.
The boulder beetle hits you!!!
* * * LOW HITPOINT WARNING * * *
The boulder beetle stops rolling and uncurls.
You slash the boulder beetle!
You headbutt the boulder beetle, but do no damage.
The boulder beetle is heavily wounded.
The boulder beetle bites you but does no damage.
You completely miss the boulder beetle.
The boulder beetle is heavily wounded.
It was a potion of cancellation.
You feel magically purged. The boulder beetle barely misses you.
Okay, then.
As you read the scroll labelled NEOTOP BUKUOM, it crumbles to dust.
You hear a loud clanging noise!
It was a scroll of noise.
The boulder beetle bites you!!
You die...

#...#.#....[..<.....
#..#.....##.#######..
#.# ########.# #.. #
###.# #.. #...# #..
#.#.# #.# #.#.# #.#
..##########.#.#######.#
......B@...............#
..###.######.###########
# #.# ..# ####


You could see a boulder beetle.

Vanquished Creatures
  Harold (D:9)
  A boulder beetle (D:11)
  A two-headed ogre (D:9)
  A gargoyle (D:10)
  2 kobold demonologists (D:11)
  Maggie (D:7)
  An unseen horror (D:11)
  Prince Ribbit (D:6)
  A troll (D:10)
  5 slime creatures (D:12)
  A shadow (D:11)
  10 yaks
  A wraith (D:8)
  2 steam dragons
  Menkaure (D:6)
  2 vampire mosquitoes (D:12)
  3 water moccasins
  Purgy (D:3)
  2 sky beasts (D:7)
  3 orc warriors
  4 ogres
  3 necrophages
  3 centaurs
  A phantom (D:7)
  22 kobold brigands
  A bullfrog (D:7)
  3 gnoll sergeants
  3 scorpions
  5 killer bees
  5 wights (D:10)
  7 howler monkeys
  3 centaur zombies
  A bullfrog zombie (D:5)
  3 jellies (D:9)
  3 hounds
  2 gnoll shamans (D:7)
  2 orc priests (D:3)
  Crazy Yiuf (D:3)
  2 bullfrog skeletons (D:6)
  Jessica (D:2)
  An iguana (D:7)
  Natasha (thrice) (D:3)
  7 orc wizards
  3 killer bee zombies
  Robin (D:2)
  A howler monkey zombie (D:8)
  13 adders
  12 gnolls (D:7)
  A shadow imp (D:5)
  2 ufetubi
  5 worms
  2 dart slugs
  30 orcs
  9 ball pythons
  10 bats
  10 endoplasms
  2 giant cockroaches
  10 hobgoblins
  9 jackals
  4 quokkas
  3 frilled lizards
  12 goblins
  38 kobolds
  3 rats
307 creatures vanquished.

Vanquished Creatures (collateral kills)
  A two-headed ogre (D:10)
  An unseen horror (D:12)
  A warg (D:12)
  A killer bee (D:11)
  2 orcs (D:12)
6 creatures vanquished.

Vanquished Creatures (others)
  10 ancestors
  An orc (D:8)
  A plant (D:5)
12 creatures vanquished.

Grand Total: 325 creatures vanquished

Notes
Turn   | Place    | Note
-------+----------+-------------------------------------------
     0 | D:1      | pkoi the Minotaur Gladiator began the quest for the Orb.
     0 | D:1      | Reached XP level 1. HP: 18/18 MP: 0/0
    45 | D:1      | Reached skill level 4 in Polearms
    82 | D:1      | Reached XP level 2. HP: 22/25 MP: 1/1
   393 | D:1      | Reached skill level 5 in Polearms
   546 | D:1      | Found a faded altar of an unknown god.
   550 | D:1      | Reached XP level 3. HP: 30/30 MP: 2/2
  1296 | D:2      | Reached skill level 6 in Polearms
  1296 | D:2      | Reached XP level 4. HP: 37/37 MP: 3/3
  1366 | D:2      | Noticed Jessica
  1385 | D:2      | Killed Jessica
  1704 | D:2      | Noticed Robin
  1714 | D:2      | Killed Robin
  1822 | D:2      | Reached XP level 5. HP: 42/42 MP: 4/4
  1866 | D:2      | Reached skill level 7 in Polearms
  2372 | D:3      | Found a runed translucent door.
  2373 | D:3      | Noticed Crazy Yiuf
  2541 | D:3      | Noticed Purgy
  2565 | D:3      | Killed Purgy
  2566 | D:3      | Reached skill level 8 in Polearms
  2566 | D:3      | Reached XP level 6. HP: 12/50 MP: 5/5
  3035 | D:3      | Reached skill level 1 in Armour
  3450 | D:3      | Noticed Natasha
  3458 | D:3      | Killed Natasha
  3502 | D:3      | Noticed Natasha
  3510 | D:3      | Killed Natasha
  3586 | D:3      | Noticed Natasha
  3590 | D:3      | Killed Natasha
  3828 | D:4      | Reached XP level 7. HP: 50/57 MP: 6/6
  3877 | D:4      | Reached skill level 9 in Polearms
  4625 | D:5      | Entered Level 5 of the Dungeon
  4727 | D:5      | Found a transporter.
  4730 | D:5      | Found a transporter.
  4730 | D:5      | Noticed Drazool's ghost (novice TrMo)
  4750 | D:5      | Found a staircase to the Ecumenical Temple.
  4934 | D:5      | Reached skill level 10 in Polearms
  4934 | D:5      | Reached XP level 8. HP: 47/67 MP: 7/7
  5232 | D:5      | Reached skill level 5 in Fighting
  5816 | D:3      | Killed Crazy Yiuf
  5933 | D:6      | Found Leri's Assorted Antiques.
  6012 | D:6      | Found a shimmering blue altar of Sif Muna.
  6015 | D:6      | Noticed Prince Ribbit
  6027 | D:6      | Killed Prince Ribbit
  6046 | D:6      | Found a transporter.
  6050 | D:6      | Noticed Pooter's ghost (novice MiBe)
  6118 | D:6      | Noticed Menkaure
  6125 | D:6      | Killed Menkaure
  6126 | D:6      | Reached skill level 11 in Polearms
  6126 | D:6      | Reached skill level 5 in Armour
  6722 | D:6      | Reached XP level 9. HP: 64/78 MP: 8/8
  6835 | D:6      | Found a transporter.
  7374 | D:7      | Identified the +7 long sword "Dauckenn" {flame, Dex+3}
  7543 | D:7      | Reached skill level 12 in Polearms
  7950 | D:7      | Noticed Maggie
  7967 | D:7      | Killed Maggie
  8316 | D:8      | Reached skill level 13 in Polearms
  9233 | D:8      | Reached XP level 10. HP: 87/88 MP: 9/9
 10570 | D:9      | Noticed Harold
 10586 | D:9      | Killed Harold
 10587 | D:9      | Reached skill level 14 in Polearms
 10923 | D:9      | Noticed a two-headed ogre
 10927 | D:9      | Killed a two-headed ogre
 11191 | Temple   | Entered the Ecumenical Temple
 11346 | Temple   | Became a worshipper of Hepliaklqana the Forgotten
 11508 | D:10     | Entered Level 10 of the Dungeon
 11536 | D:10     | Found a runed translucent door.
 11551 | D:10     | Noticed a gargoyle
 11564 | D:10     | Killed a gargoyle
 11964 | D:10     | Found an ornate altar of the Wu Jian Council.
 11964 | D:10     | Found an iron altar of Okawaru.
 11974 | D:10     | Noticed a two-headed ogre
 11980 | D:10     | Killed a two-headed ogre
 11981 | D:10     | Reached XP level 11. HP: 69/89 MP: 10/10
 12079 | D:10     | Found Tuduk's Armour Shop.
 12122 | D:10     | Noticed a fire crab
 12190 | D:10     | Found a bloodstained altar of Trog.
 12190 | D:10     | Found a faded altar of an unknown god.
 12200 | D:10     | Found a shadowy altar of Dithmenos.
 12202 | D:10     | Found a faded altar of an unknown god.
 12204 | D:10     | Found an opulent altar of Gozag.
 12380 | D:11     | Reached skill level 10 in Fighting
 12380 | D:11     | Reached skill level 15 in Polearms
 12406 | D:11     | Reached * piety under Hepliaklqana
 12719 | D:11     | Reached skill level 10 in Armour
 12939 | D:11     | Noticed a boulder beetle
 13994 | D:11     | Found a staircase to the Lair.
 14014 | D:11     | Upgraded the game from 0.27-a0-1046-g98bf31544f to
                  | 0.27-a0-1119-gbf574a6a6b
 14043 | D:11     | Killed a boulder beetle
 14194 | D:12     | Reached skill level 16 in Polearms
 14613 | D:12     | Found a staircase to the Orcish Mines.
 14801 | D:12     | Noticed a boulder beetle
 14820 | D:12     | HP: 3/91 [boulder beetle (45)]
 14824 | D:12     | Demolished by a boulder beetle

Illustrated notes

Levels and vault maps discovered:
D:1:      scummos_arrival_simple_crosswalls, layout_rooms,
          basic_ecumenical_altar
D:2:      layout_loops_ring, minmay_split_cup_large, uniq_robin, uniq_jessica
D:3:      layout_loops_ring, uniq_natasha, uniq_crazy_yiuf_cottage, uniq_purgy
D:4:      layout_cave_pools
D:5:      layout_cave_pods, minmay_temple_entry_gardened_gates,
          gammafunk_ghost_arena
D:6:      layout_loops_corners, lemuel_round_altar, serial_shops,
          nicolae_shop_statue_plus, gammafunk_ghost_arena,
          minmay_misc_feat_rows, uniq_prince_ribbit1, uniq_menkaure
D:7:      minmay_inner_zag, layout_rooms, uniq_maggie
D:8:      layout_layer_cave
D:9:      layout_long_grid, hangedman_little_slice_of_home, uniq_harold
D:10:     gammafunk_mikee_crab_dinner, layout_cave_pools,
          chequers_temple_overflow_minitemple, jmf_multi_god_temple,
          serial_column_ruins, column_ruins_columns_plus,
          column_ruins_open_large, column_ruins_grid_1,
          column_ruins_columns_straight, column_ruins_corridor_corner,
          serial_shops, shop
D:11:     layout_roguey [special_room_kobold], lair_entry_dummy
D:12:     layout_loops_ring, erik_orc_3, uniq_nergalle
Temple:   nicolae_temple_elliptical

Skill      XL: |  1  2  3  4  5  6  7  8  9 10 11 |
---------------+----------------------------------+-----
Polearms       | 4 5 6 8 10 11 13 14 16 | 16.4
Armour         | 2 3 5 7 9 10 | 10.9
Fighting       | 3 4 6 8 9 11 | 11.2
Throwing       | |  2.0
Dodging        | |  3.2

Action                   |  1- 3 |  4- 6 |  7- 9 | 10-12 || total
-------------------------+-------+-------+-------+-------++-------
Melee: Trident           |   112 |   178 |   356 |       ||   646
       Headbutt          |    13 |    21 |    53 |   100 ||   187
       Halberd           |       |       |    33 |   510 ||   543
Invok: Ancestor Identity |       |       |       |     1 ||     1
Evoke: Wand              |       |       |     2 |       ||     2
  Use: Scroll            |       |       |     6 |     1 ||     7
       Potion            |       |       |       |     1 ||     1
 Stab: Distracted        |       |       |       |     3 ||     3
Armor: Leather armour    |     1 |       |       |       ||     1
       Scale mail        |    43 |    41 |       |       ||    84
       Plate armour      |       |    31 |   187 |   234 ||   452
Dodge: Dodged            |    45 |    66 |    84 |   110 ||   305

Table legend: (Time is in decaauts)
 A = Elapsed time spent in this place.
 B = Non-inter-level travel time spent in this place.
 C = Inter-level travel time spent in this place.
 D = Time resting spent in this place.
 E = Time spent auto-exploring this place.
 F = Levels seen in this place.
 G = Mean time per level.
                   A        B        C        D        E       F      G
               +--------+--------+--------+--------+--------+-----+--------+
         Total |  14619 |  13760 |    859 |   3249 |   8548 |  13 | 1124.5 |
       Dungeon |  14438 |  13605 |    833 |   3249 |   8405 |  12 | 1203.2 |
        Temple |    180 |    155 |     25 |      0 |    143 |   1 |  180.0 |
               +--------+--------+--------+--------+--------+-----+--------+

Top non-repeatable levels by time:
     D:3: 1807 daAuts
    D:11: 1755 daAuts
     D:8: 1590 daAuts
     D:6: 1349 daAuts
     D:2: 1274 daAuts
     D:7: 1189 daAuts
     D:5: 1183 daAuts
     D:9: 1170 daAuts
     D:1: 1066 daAuts
    D:10: 1044 daAuts
     D:4: 589 daAuts
    D:12: 417 daAuts
  Temple: 180 daAuts
